 Dungeon Sprint DCSS version 0.29.1-2-gbd0b4ee654 (webtiles) character file.

Game seed: 215527065897002089

371 Zeld the Cleaver (level 6, -4/61 HPs)
             Began as a Minotaur Berserker on Oct 26, 2022.
             Was a Believer of Trog.
             Slain by a neqoxec (8 damage)
             ... in the Dungeon (Sprint II: "The Violet Keep of Menkaure").
             The game lasted 00:00:29 (36 turns).

Zeld the Cleaver (Minotaur Berserker)                 Turns: 36, Time: 00:00:29

Health: -4/61      AC:  3    Str: 22    XL:     6   Next: 42%
Magic:  5/5        EV: 13    Int:  4    God:    Trog [**....]
Gold:   0          SH:  0    Dex:  7    Spells: 5/5 levels left

rFire   . . .      SeeInvis .   a - +0 hand axe
rCold   . . .      Faith    .   (no shield)
rNeg    . . .      Spirit   .   b - +0 animal skin
rPois   .          Reflect  .   (helmet restricted)
rElec   .          Harm     .   (no cloak)
rCorr   .          Rampage  .   (no gloves)
Will    .....      NoTele   +   (no boots)
Stlth   +.........              (no amulet)
HPRegen 0.20/turn               (no ring)
MPRegen 0.09/turn               (no ring)

@: on berserk cooldown, slowed, unable to drink, very slow
A: horns 2, retaliatory headbutt, iridescent scales 1, clumsy 1, deformed body,
weak 1, inability to drink after injury 1
a: Renounce Religion, Berserk, Trog's Hand


You were in the Dungeon.
You worshipped Trog.
Trog was pleased with you.
You visited 1 branch

Inventory:

Hand Weapons
 a - a +0 hand axe (weapon)
Armour
 b - a +0 animal skin (worn)
Potions
 c - a potion of curing
 d - a potion of heal wounds
 e - a potion of haste
 f - 2 potions of magic
 g - a potion of berserk rage


   Skills:
 + Level 8.3 Fighting
 * Level 11.1 Axes
 + Level 7.8 Armour
 + Level 7.1 Dodging


You had 5 spell levels left.
You didn't know any spells.
Your spell library was empty.

Dungeon Overview and Level Annotations

Branches:
Dungeon (1/1)

Altars:


Innate Abilities, Weirdness & Mutations

You have a pair of horns on your head.
You reflexively headbutt those who attack you in melee.
You are partially covered in iridescent scales. (AC +2)
You are clumsy. (Dex -2)
Armour fits poorly on your strangely shaped body.
You are weak. (Str -2)
You occasionally lose the ability to drink potions when taking damage.


Message History

The neqoxec gestures at you.
You feel dopey. Something feeds on your intellect!
Blink to where?
Press: ? - help, Dir - move target
As you read the scroll of blinking, it crumbles to dust.
The neqoxec misses you. The neqoxec closely misses you.
You furiously retaliate!
You headbutt the neqoxec! You miss the neqoxec.
The neqoxec is moderately wounded.
The neqoxec gestures at you.
Strange energies course through your body.
You feel weaker. The neqoxec gestures at you.
Something tries to feed on your intellect!
You barely miss the neqoxec.
The neqoxec is moderately wounded.
The neqoxec barely misses you. You furiously retaliate!
You headbutt the neqoxec, but do no damage.
Unknown command.
You slash the neqoxec!
You kill the neqoxec!
Trog accepts your kill.
You can now call upon Trog for regeneration and willpower.
You closely miss the neqoxec.
You can drink potions again.
The neqoxec closely misses you. x2
You feel your intelligence returning.
Your Fighting skill increases to level 8!
Your Axes skill gained 2 levels and is now at level 11!
Your Armour skill increases to level 7!
Your Dodging skill increases to level 7!
You have reached level 6!
Unknown command.
You slash the necrophage!
The necrophage is moderately damaged.
You slash the neqoxec! The necrophage barely misses you.
You furiously retaliate!
You headbutt the necrophage! The neqoxec hits you!
You feel threatened and lose the ability to drink potions!
You die...

##
####
.##n@#
#.n3##
##'##
##n##
+.<.+
##n##
#n#
.#n ..
n.


You could see a neqoxec and 3 necrophages.

Vanquished Creatures
  3 neqoxecs (D)
3 creatures vanquished.

Notes
Turn   | Place    | Note
-------+----------+-------------------------------------------
     0 | D        | Zeld the Minotaur Berserker began the quest for the Orb.
     0 | D        | Reached XP level 1. HP: 19/19 MP: 0/0
     1 | D        | Noticed a neqoxec
     1 | D        | Noticed a neqoxec
     1 | D        | Noticed a neqoxec
     1 | D        | Noticed a neqoxec
     8 | D        | Killed a neqoxec
     9 | D        | Reached skill level 8 in Axes
     9 | D        | Reached skill level 5 in Armour
     9 | D        | Reached skill level 5 in Dodging
     9 | D        | Reached XP level 2. HP: 30/30 MP: 1/1
     9 | D        | Reached XP level 3. HP: 37/37 MP: 2/2
     9 | D        | Reached XP level 4. HP: 44/44 MP: 3/3
    13 | D        | Killed a neqoxec
    14 | D        | Reached skill level 9 in Axes
    14 | D        | Reached XP level 5. HP: 36/52 MP: 4/4
    18 | D        | Gained mutation: You occasionally lose the ability to drink
                  | potions when taking damage. [a neqoxec]
    26 | D        | HP: 1/52 [neqoxec (14)]
    27 | D        | Gained mutation: Armour fits poorly on your strangely
                  | shaped body. [a neqoxec]
    28 | D        | Gained mutation: You are clumsy. (Dex -2) [a neqoxec]
    29 | D        | Gained mutation: You are partially covered in iridescent
                  | scales. (AC +2) [a neqoxec]
    33 | D        | Gained mutation: You are weak. (Str -2) [a neqoxec]
    35 | D        | Killed a neqoxec
    35 | D        | Reached ** piety under Trog
    36 | D        | Reached skill level 11 in Axes
    36 | D        | Reached XP level 6. HP: 4/61 MP: 5/5
    36 | D        | Slain by a neqoxec

Illustrated notes

Levels and vault maps discovered:
D:        the_violet_keep_of_menkaure [sprint2_stairs_cluster_1,
          sprint2_shoproom, sprint2_temple, sprint2_basic_supplies,
          sprint2_obstacle_1, sprint2_obstacle_2, sprint2_obstacle_6,
          sprint2_obstacle_7, sprint2_obstacle_4, sprint2_timed_cluster_1,
          sprint2_smallroom_cluster_1, sprint2_smallroom_final_cluster_1,
          sprint2_transparent_cluster_1, sprint2_second_timed_cluster_1,
          sprint2_sniper_area_1, sprint2_heavy_combat_area_1,
          sprint2_mutation_trap_area_1, sprint2_forest_area_1,
          sprint2_light_combat_area_1, sprint2_behind_water_1,
          sprint2_near_end_vault_1]

Skill      XL: |  1  2  3  4  5 |
---------------+----------------+-----
Fighting       | 6 7 8 |  8.3
Axes           | 8 9 11 | 11.1
Armour         | 5 6 7 |  7.8
Dodging        | 5 6 7 |  7.1

Action                   |  1- 3 |  4- 6 || total
-------------------------+-------+-------++-------
Melee: Hand axe          |     6 |    22 ||    28
       Headbutt          |     1 |     1 ||     2
Invok: Berserk           |     1 |       ||     1
  Use: Scroll            |       |     1 ||     1
Armor: Animal skin       |       |     1 ||     1
Dodge: Dodged            |     2 |     9 ||    11
